 Dungeon Crawl Stone Soup version 0.30.1-9-gdf580d7c3d (webtiles) character file.

Game seed: 13204625025909831690

860 growler the Gusty (level 8, -2/43 HPs)
             Began as a Tengu Air Elementalist on Oct 20, 2023.
             Was an Initiate of Hepliaklqana.
             Slain by a vampire mosquito (3 damage)
             ... on level 6 of the Dungeon.
             The game lasted 00:11:40 (5412 turns).

growler the Gusty (Tengu Air Elementalist)          Turns: 5412, Time: 00:11:41

Health: -2/43      AC:  4    Str: 15    XL:     8   Next: 2%
Magic:  1/16       EV: 14    Int: 17    God:    Hepliaklqana [......]
Gold:   230        SH:  0    Dex: 15    Spells: 7/17 levels left

rFire   . . .        (no weapon)
rCold   . . .        (no shield)
rNeg    . . .        q - +1 robe
rPois   .            (helmet restricted)
rElec   .            (no cloak)
rCorr   .            t - +0 pair of gloves
SInv    .            (boots unavailable)
Will    .....        e - amulet of regeneration
Stlth   ++           i - +6 ring of strength
HPRegen 1.07/turn    (no ring)
MPRegen 0.15/turn

%: no passive effects
@: flying quickly and evasively, quick
A: beak, talons 3, nimble flight
a: Renounce Religion


You were on level 6 of the Dungeon.
You worshipped Hepliaklqana.
Hepliaklqana was noncommittal.
You visited 2 branches of the dungeon, and saw 7 of its levels.

You collected 230 gold pieces.

Inventory:

Armour
 q - a +1 robe (worn)
 t - a +0 pair of gloves (worn)
 u - a +0 buckler
Jewellery
 d - a ring of ice
 e - an amulet of regeneration (around neck)
 i - a +6 ring of strength (left hand)
 s - a +6 ring of strength
Scrolls
 a - a scroll of vulnerability
 c - a scroll of silence
 j - a scroll of torment {unknown}
 m - a scroll of immolation
 n - 4 scrolls of fog
 p - a scroll of brand weapon
 w - a scroll of blinking
 x - 2 scrolls of identify {unknown}
 y - 2 scrolls of fear {unknown}
Potions
 b - a potion of magic
 f - 3 potions of curing {unknown}
 g - a potion of ambrosia {unknown}
 h - 3 potions of mutation {unknown}
 k - a potion of lignification {unknown}
 l - 3 potions of might
 o - a potion of haste {unknown}
 r - a potion of brilliance {unknown}
 v - a potion of degeneration {unknown}


   Skills:
 + Level 1.4 Fighting
 - Level 2.1 Dodging
 - Level 2.0 Stealth
 + Level 5.0 Spellcasting
 - Level 6.0 Conjurations
 + Level 7.9 Air Magic


You had 7 spell levels left.
You knew the following spells:

 Your Spells              Type           Power      Damage    Failure   Level
a - Shock                 Conj/Air       100%       1d9       1%          1
b - Static Discharge      Conj/Air       54%        2-5/arc   1%          2
c - Swiftness             Air            31%        N/A       1%          3
d - Airstrike             Air            15%        2d(3-19)  5%          4

Your spell library contained the following spells:

 Spells                   Type           Power      Damage    Failure   Level
 Ensorcelled Hibernation  Hex/Ice        8%         N/A       22%         2
 Lesser Beckoning         Tloc           8%         N/A       22%         2
 Passwall                 Tmut/Erth      3%         N/A       22%         2
 Gell's Gravitas          Tloc           4%         N/A       38%         3
 Teleport Other           Tloc           4%         N/A       38%         3


Dungeon Overview and Level Annotations

Branches:
Dungeon (6/15)             Temple (1/1) D:4

Altars:
Ashenzari
Gozag
Hepliaklqana
Makhleb
Nemelex Xobeh
Okawaru
Qazlal
Ru
Sif Muna
Trog
Uskayaw
Vehumet
Wu Jian
Xom
Lugonu

Shops:
D:1 *:

Annotations:
D:3 Grinder, Sigmund


Innate Abilities, Weirdness & Mutations

You have a beak for a mouth.
You have claws for feet.
Your magical nature lets you fly swiftly and evasively.


Message History

The vampire mosquito is struck by an arc of lightning.
The vampire mosquito is severely damaged.
You are struck by an arc of lightning.
The lightning grounds out.
The vampire mosquito bites you but does no damage. x2
Casting: Static Discharge (safe; 1% risk of failure)
Confirm with . or Enter, or press ? or * to list all spells.
The vampire mosquito is struck by an arc of lightning.
The vampire mosquito is severely damaged.
You are struck by an arc of lightning.
The lightning grounds out.
The vampire mosquito barely misses you. The vampire mosquito bites you!
The vampire mosquito draws strength from your injuries!
Casting: Static Discharge (safe; 1% risk of failure)
Confirm with . or Enter, or press ? or * to list all spells.
The vampire mosquito is struck by an arc of lightning.
The vampire mosquito is severely damaged.
You are struck by an arc of lightning.
The vampire mosquito is struck by an arc of lightning.
The vampire mosquito is almost destroyed.
You are struck by an arc of lightning.
* * * LOW HITPOINT WARNING * * *
The lightning grounds out.
The vampire mosquito closely misses you.
The vampire mosquito bites you.
* * * LOW HITPOINT WARNING * * *
The vampire mosquito draws strength from your injuries!
Casting: Static Discharge (safe; 1% risk of failure)
Confirm with . or Enter, or press ? or * to list all spells.
Okay, then.
Casting: Static Discharge (safe; 1% risk of failure)
Confirm with . or Enter, or press ? or * to list all spells.
Aiming: Airstrike (dangerous; 5% risk of failure)
Press: ? - help, Dir - move target, f/p - vampire mosquito
Aim: a vampire mosquito (severely damaged, empty space bonus: 6/8)
The air twists around and strikes the vampire mosquito.
The vampire mosquito is severely damaged.
The vampire mosquito bites you!
* * * LOW HITPOINT WARNING * * *
The vampire mosquito draws strength from your injuries!
The vampire mosquito bites you.
You die...

.............##...........###.##
....#####.................# ##.#
.#### ####....#.........# ### .#
##..###........# .# #...#
#######..# .#### ##....# #..#
....##. #.....# #..# .......
#..#..## #..# ....... ..##.y@###
#..## ###.... #.....# ##...### #
..### #.###..####......# #.# .
#. ##...#.....##### ..## . #
#.........## .... ...........###
.... ####.......# ### ##......#
. ##.....#


You could see a vampire mosquito.

Vanquished Creatures
  Menkaure (D:6)
  An ice beast (D:6)
  Blork the orc (D:4)
  3 scorpions
  A hound (D:5)
  2 iguanas (D:5)
  An orc priest (D:5)
  Terence (D:3)
  An orc wizard (D:5)
  8 gnolls
  8 adders
  A worm (D:4)
  4 dart slugs
  2 orcs (D:5)
  6 ball pythons
  4 endoplasms
  4 giant cockroaches
  4 goblins
  5 hobgoblins
  4 jackals (D:3)
  4 quokkas
  4 bats
  4 frilled lizards
  10 kobolds
  6 rats
90 creatures vanquished.

Notes
Turn   | Place    | Note
-------+----------+-------------------------------------------
     0 | D:1      | growler the Tengu Air Elementalist began the quest for the
                  | Orb.
     0 | D:1      | Reached XP level 1. HP: 10/10 MP: 4/4
   213 | D:1      | Reached XP level 2. HP: 15/15 MP: 4/6
   216 | D:1      | Learned a level 2 spell: Static Discharge
   240 | D:1      | Found Eclol's Vocational Training.
   464 | D:1      | Found Wump's General Store.
   695 | D:1      | Reached XP level 3. HP: 19/19 MP: 4/7
   699 | D:1      | Learned a level 3 spell: Swiftness
  1990 | D:2      | Found a burning altar of Makhleb.
  2014 | D:2      | Reached XP level 4. HP: 22/24 MP: 2/9
  2311 | D:3      | Reached skill level 5 in Air Magic
  2655 | D:3      | Noticed Grinder
  2657 | D:3      | Paralysed by Grinder for 5 turns
  2860 | D:3      | Noticed Terence
  2868 | D:3      | Killed Terence
  2869 | D:3      | Gained mutation: Your magical nature lets you fly swiftly
                  | and evasively. [Tengu growth]
  2869 | D:3      | Reached XP level 5. HP: 27/28 MP: 4/10
  2875 | D:3      | Learned a level 4 spell: Airstrike
  2982 | D:3      | Noticed Sigmund
  3070 | D:4      | Found an opulent altar of Gozag.
  3136 | D:4      | Found a stormy altar of Qazlal.
  3395 | D:4      | Found a staircase to the Ecumenical Temple.
  3401 | D:4      | Noticed Blork the orc
  3408 | Temple   | Entered the Ecumenical Temple
  3483 | D:4      | Killed Blork the orc
  3593 | D:4      | Reached skill level 6 in Air Magic
  3593 | D:4      | Reached XP level 6. HP: 32/32 MP: 8/12
  3811 | D:4      | Found an ornate altar of the Wu Jian Council.
  4002 | D:5      | Entered Level 5 of the Dungeon
  4284 | D:5      | Reached skill level 5 in Conjurations
  4453 | D:5      | Reached XP level 7. HP: 36/36 MP: 10/14
  4731 | D:5      | Reached skill level 7 in Air Magic
  4793 | D:5      | Found a broken altar of Ashenzari.
  5043 | D:6      | Found an iron altar of Okawaru.
  5067 | D:6      | Found a shimmering blue altar of Sif Muna.
  5072 | D:6      | Found a burning altar of Makhleb.
  5073 | D:6      | Found a hazy altar of Hepliaklqana.
  5082 | D:6      | Noticed Menkaure
  5174 | D:6      | Killed Menkaure
  5175 | D:6      | Reached skill level 1 in Fighting
  5190 | D:6      | Became a worshipper of Hepliaklqana the Forgotten
  5254 | D:6      | Reached XP level 8. HP: 43/43 MP: 9/16
  5255 | D:6      | Reached skill level 5 in Spellcasting
  5412 | D:6      | HP: 1/43 [vampire mosquito (8)]
  5412 | D:6      | Slain by a vampire mosquito

Illustrated notes

Levels and vault maps discovered:
D:1:      tarquinn_simple_flora_water_e, layout_basic, serial_shops,
          nicolae_shop_pleasant_corner_grove, nicolae_shop_vocational
D:2:      layout_basic, basic_altar, minmay_misc_feat_square
D:3:      layout_loops_ring, mainiacjoe_overflow_alcove_4, uniq_grinder,
          uniq_sigmund, uniq_terence, uniq_jessica
D:4:      layout_loops_cross, nicolae_overflow_hidden_temple, kennysheep_mini,
          grunt_gozag_breadcrumbs, temple_pool_b, uniq_blork_the_orc
D:5:      layout_loops_cross, cheibrodos_ashenzari_chains
D:6:      layout_layer_cave, dreamdust_divine_triumvirate,
          nicolae_dithmenos_the_darkroom, mainiacjoe_overflow_chevrons,
          mainiacjoe_overflow_alcove_1, grunt_temple_overflow_open, kb_rosetta,
          uniq_menkaure
Temple:   corrupted_temple

Skill      XL: |  1  2  3  4  5  6  7  8 |
---------------+-------------------------+-----
Conjurations   | 2 3 4 5 6 |  6.0
Air Magic      | 5 6 7 |  7.9
Spellcasting   | 3 4 5 |  5.0
Fighting       | 1 |  1.4
Dodging        | |  2.1
Stealth        | |  2.0

Action                     |  1- 3 |  4- 6 |  7- 9 || total
---------------------------+-------+-------+-------++-------
  Melee: Unarmed           |     1 |     5 |       ||     6
         Kick              |     1 |     1 |       ||     2
         Peck              |       |     1 |       ||     1
   Cast: Shock             |    77 |    86 |    40 ||   203
         Static Discharge  |     2 |    10 |     6 ||    18
         Swiftness         |       |     1 |       ||     1
         Airstrike         |       |     3 |     6 ||     9
    Use: Scroll            |       |     4 |     2 ||     6
 Armour: Robe              |       |     2 |     3 ||     5
  Dodge: Dodged            |     8 |    12 |     6 ||    26
